 Dungeon Crawl Stone Soup version 0.30-a0-339-g89bb51ec76 (webtiles) character file.

Game seed: 10732656382787033863

244 retardedninja the Trooper (level 6, -2/56 HPs)
             Began as a Hill Orc Fighter on Oct 31, 2022.
             Slain by Pikel
             ... wielding a +1 whip of freezing
              (10 damage)
             ... on level 4 of the Dungeon.
             The game lasted 00:03:37 (2440 turns).

retardedninja the Trooper (Hill Orc Fighter)        Turns: 2440, Time: 00:03:37

Health: -2/56      AC:  3    Str: 21    XL:     6   Next: 10%
Magic:  6/6        EV:  9    Int:  8    God:
Gold:   153        SH:  4    Dex: 10    Spells: 5/5 levels left

rFire   . . .      SeeInvis .    a - +0 war axe
rCold   . . .      Faith    .    c - +0 buckler
rNeg    . . .      Spirit   .    b - +0 scale mail
rPois   .          Reflect  .    (no helmet)
rElec   .          Harm     .    (no cloak)
rCorr   .          Rampage  .    (no gloves)
Will    .....                    (no boots)
Stlth   ..........               (no amulet)
HPRegen 0.29/turn                (no ring)
MPRegen 0.10/turn                (no ring)

@: mighty, corroded
A: no striking features
a: no special abilities


You were on level 4 of the Dungeon.
You visited 1 branch of the dungeon, and saw 4 of its levels.

You collected 153 gold pieces.

Inventory:

Hand Weapons
 a - a +0 war axe (weapon)
Missiles
 o - 8 boomerangs (quivered)
Armour
 b - a +0 scale mail (worn)
 c - a +0 buckler (worn)
Jewellery
 h - an amulet of magic regeneration
 r - a ring of fire
Wands
 p - a wand of polymorph (10)
Scrolls
 e - a scroll of poison {unknown}
 f - 3 scrolls of identify {unknown}
 g - a scroll of teleportation {unknown}
 i - a scroll of noise {unknown}
 n - a scroll of fear {unknown}
Potions
 j - a potion of haste {unknown}
 k - a potion of magic {unknown}
 l - a potion of curing {unknown}
 m - a potion of degeneration {unknown}
 q - a potion of flight {unknown}


   Skills:
 + Level 5.1 Fighting
 + Level 4.6 Axes
 + Level 4.6 Armour
 + Level 4.6 Shields


You had 5 spell levels left.
You didn't know any spells.
Your spell library was empty.

Dungeon Overview and Level Annotations

Branches:
Dungeon (4/15)
 Temple: D:4-7

Altars:
Uskayaw
Wu Jian

Annotations:
D:4 Pikel


Message History

You kill the lemure!
That felt strangely unrewarding.
There is a stone staircase leading down here.
You climb downwards.
Level annotation: Pikel
There is a stone staircase leading up here.
You hit Pikel but do no damage.
Pikel hits you with a +1 whip of freezing.
Pikel freezes you.
Pikel zaps a wand.
The bolt of acid hits you! The acid corrodes you!
You slash Pikel!
Pikel is moderately wounded.
Pikel hits you but does no damage.
You hit Pikel but do no damage.
Pikel is lightly wounded.
Pikel barely misses you.
You barely miss Pikel.
Pikel is lightly wounded.
Pikel hits you with a +1 whip of freezing.
Pikel freezes you.
You hit Pikel.
Pikel is moderately wounded.
Pikel hits you with a +1 whip of freezing.
Pikel freezes you. Pikel misses you.
You slash Pikel!
Pikel is heavily wounded.
Pikel hits you with a +1 whip of freezing!
* * * LOW HITPOINT WARNING * * *
Pikel freezes you.
* * * LOW HITPOINT WARNING * * *
You feel very mighty all of a sudden.
Pikel hits you with a +1 whip of freezing.
* * * LOW HITPOINT WARNING * * *
Pikel freezes you.
* * * LOW HITPOINT WARNING * * *
You barely miss Pikel.
Pikel is heavily wounded.
Pikel cracks his whip.
Pikel hits you with a +1 whip of freezing!
You die...

### ... ##.## #...
.......K. #.K#
#.......# #.@#
#.......# # #<.#
.....>. ##. #..#
...... ##...##.#
#...# # ..(.....#
#...#.#
.#...##.####...#.#
##. #.##.......####
#.###†#.#.........#
#.....)###.5#####..


You could see Pikel.

Vanquished Creatures
  2 lemures (D:3)
  A scorpion (D:3)
  Natasha (thrice) (D:3)
  Robin (D:2)
  2 adders
  A dart slug (D:4)
  4 orcs (D:3)
  11 ball pythons
  6 endoplasms
  2 giant cockroaches
  15 goblins
  7 hobgoblins
  3 jackals (D:3)
  3 quokkas (D:1)
  5 bats
  5 kobolds
  5 rats
76 creatures vanquished.

Notes
Turn   | Place    | Note
-------+----------+-------------------------------------------
     0 | D:1      | retardedninja the Hill Orc Fighter began the quest for the
                  | Orb.
     0 | D:1      | Reached XP level 1. HP: 19/19 MP: 1/1
    85 | D:1      | Reached XP level 2. HP: 25/27 MP: 2/2
   222 | D:1      | Reached skill level 4 in Fighting
   321 | D:1      | Reached XP level 3. HP: 31/33 MP: 3/3
   816 | D:2      | Noticed Robin
   826 | D:2      | Killed Robin
   832 | D:2      | Reached XP level 4. HP: 17/40 MP: 4/4
  1213 | D:2      | Noticed Natasha
  1468 | D:3      | Killed Natasha
  1498 | D:3      | Noticed a +0 dagger
  1499 | D:3      | Noticed a +0 short sword
  1499 | D:3      | Noticed a +0 falchion
  1499 | D:3      | Noticed a +0 dagger
  1500 | D:3      | Noticed a +0 falchion
  1500 | D:3      | Noticed a +0 spear
  1501 | D:3      | Noticed a +0 short sword
  1502 | D:3      | Noticed a +0 spear
  1544 | D:3      | Reached XP level 5. HP: 47/47 MP: 5/5
  1554 | D:3      | Noticed Natasha
  1567 | D:3      | Killed Natasha
  1612 | D:3      | Noticed Natasha
  1620 | D:3      | Killed Natasha
  1623 | D:3      | Found a hide-covered altar of Uskayaw.
  1985 | D:3      | Reached skill level 5 in Fighting
  1985 | D:3      | Reached XP level 6. HP: 56/56 MP: 6/6
  2065 | D:3      | Found an ornate altar of the Wu Jian Council.
  2368 | D:4      | Noticed Pikel
  2440 | D:4      | Slain by Pikel

Illustrated notes

Levels and vault maps discovered:
D:1:      amcnicky_arrival_underground_garden, layout_loops_cross,
          nicolae_kite_square_tiling_tiny
D:2:      layout_rooms, uniq_natasha, uniq_robin
D:3:      layout_loops_ring, nicolae_uskayaw_en_pointe, lemuel_doored_altar,
          st_stairs_14
D:4:      layout_loops_ring, uniq_menkaure, uniq_pikel, uniq_ijyb

Skill      XL: |  1  2  3  4  5 |
---------------+----------------+-----
Axes           | 3 4 |  4.6
Fighting       | 4 5 |  5.1
Armour         | 4 |  4.6
Shields        | 4 |  4.6

Action                   |  1- 3 |  4- 6 || total
-------------------------+-------+-------++-------
Melee: War axe           |    86 |   131 ||   217
  Use: Potion            |     1 |     1 ||     2
Armor: Scale mail        |    49 |    58 ||   107
Dodge: Dodged            |    45 |    54 ||    99
Block: Buckler           |    12 |    34 ||    46

Table legend: (Time is in decaauts)
 A = Elapsed time spent in this place.
 B = Non-inter-level travel time spent in this place.
 C = Inter-level travel time spent in this place.
 D = Time resting spent in this place.
 E = Time spent auto-exploring this place.
 F = Levels seen in this place.
 G = Mean time per level.
                   A        B        C        D        E       F      G
               +--------+--------+--------+--------+--------+-----+--------+
         Total |   2522 |   2422 |    100 |    401 |   1509 |   4 |  630.5 |
       Dungeon |   2522 |   2422 |    100 |    401 |   1509 |   4 |  630.5 |
               +--------+--------+--------+--------+--------+-----+--------+

Top non-repeatable levels by time:
     D:3: 1001 daAuts
     D:1: 837 daAuts
     D:2: 632 daAuts
     D:4: 51 daAuts
